AoeStats
← Gusta!

Black Forest

509271178Analyzed
2v2 RM · 4d ago on Sep 26, 2026· 72m 10s· 4 players
Game mode
Random Map
Map size
Medium (4 player)
Population
200
Speed
Normal
Resources
Standard
Victory
Conquest
Starting age
Dark Age
Ending age
Imperial Age
RankedLock teamsTeams togetherTeam positionsShared explorationLock speedFull tech treeHidden civsTurbo modeCheats
Victory
Defeat
🇲🇽 Aztecs · Mexico
940
+12
🇷🇺 Bohemians · Russia
895
+14
🇺🇸 Japanese · United States
950
-17
🇺🇸 Aztecs · United States
746
-9
X-you
0:31 Loom
12:06 Feudal Age
13:36 Double-Bit Axe
13:34 Horse Collar
15:04 Wheelbarrow
21:31 Castle Age
23:03 Heavy Plow
23:19 Bow Saw
23:29 Hand Cart
31:57 Imperial Age
35:38 Chemistry
35:00 Ballistics
34:34 Fletching
34:45 Padded Archer Armor
34:27 Elite Hussite Wagon
35:13 Wagenburg Tactics
35:29 Conscription
34:37 Heavy Scorpion
34:44 Elite Skirmisher
36:55 Two-Man Saw
37:04 Leather Archer Armor
36:45 Bodkin Arrow
40:25 Hussite Reforms
41:25 Devotion
41:55 Heresy
42:17 Theocracy
41:38 Herbal Medicine
42:09 Illumination
41:55 Redemption
41:46 Atonement
41:57 Fervor
42:09 Block Printing
42:35 Bracer
42:53 Caravan
43:50 Ring Archer Armor
43:43 Sanctity
44:09 Siege Engineers
45:43 Houfnice
50:34 Faith
72:23 Husbandry
71:44 Light Cavalry
Ali
11:38 Feudal Age
17:32 Double-Bit Axe
17:41 Horse Collar
21:19 Castle Age
20:25 Stone Mining
23:10 Stone Shaft Mining
22:26 Gold Mining
23:18 Forging
23:09 Scale Mail Armor
23:09 Padded Archer Armor
23:00 Fletching
26:16 Gold Shaft Mining
26:32 Iron Casting
26:13 Chain Mail Armor
27:03 Bow Saw
29:31 Heavy Plow
35:39 Imperial Age
32:57 Elite Skirmisher
34:03 Bodkin Arrow
34:23 Leather Archer Armor
34:24 Chain Mail Armor
34:56 Caravan
35:27 Coinage
35:53 Atlatl
35:30 Eagle Warrior
35:56 Arson
36:12 Squires
36:05 Arson
36:08 Gambesons
36:50 Conscription
37:29 Wheelbarrow
37:19 Ballistics
37:57 Banking
38:55 Hand Cart
39:41 Onager
40:55 Plate Mail Armor
40:25 Murder Holes
41:43 Elite Jaguar Warrior
42:40 Elite Eagle Warrior
48:34 Bracer
49:35 Blast Furnace
49:06 Garland Wars
63:09 Chemistry
Gusta!
11:06 Feudal Age
13:02 Arson
23:26 Castle Age
24:15 Double-Bit Axe
27:06 Squires
30:28 Gambesons
32:38 Loom
33:28 Wheelbarrow
33:57 Town Watch
34:25 Bow Saw
34:00 Horse Collar
35:11 Fortified Wall
35:56 Ballistics
36:50 Hand Cart
37:20 Redemption
37:06 Treadmill Crane
37:24 Murder Holes
37:34 Heated Shot
37:39 Fletching
38:34 Fervor
39:24 Herbal Medicine
39:52 Sanctity
39:48 Fervor
40:40 Devotion
40:44 Atonement
43:04 Forging
42:54 Scale Mail Armor
42:50 Bodkin Arrow
42:55 Padded Archer Armor
45:00 Iron Casting
50:15 Imperial Age
48:52 Elite Skirmisher
50:47 Leather Archer Armor
50:45 Atlatl
51:28 Conscription
55:07 Bracer
56:07 Blast Furnace
54:47 Eagle Warrior
56:54 Chain Mail Armor
57:10 Town Patrol
57:56 Siege Engineers
59:16 Garland Wars
59:15 Arrowslits
62:37 Plate Mail Armor
69:27 Eagle Warrior
Rygil
13:14 Feudal Age
13:44 Double-Bit Axe
17:39 Horse Collar
22:20 Castle Age
22:41 Loom
26:38 Bow Saw
30:12 Wheelbarrow
29:43 Heavy Plow
29:35 Gold Mining
29:36 Stone Mining
29:38 Fletching
30:35 Bodkin Arrow
31:17 Gold Shaft Mining
33:43 Hand Cart
33:17 Town Watch
34:11 Town Patrol
37:20 Imperial Age
36:23 Thumb Ring
38:19 Bracer
39:22 Two-Man Saw
38:26 Padded Archer Armor
38:54 Parthian Tactics
39:10 Heavy Cavalry Archer
40:37 Husbandry
40:48 Bloodlines
43:10 Kataparuto
42:57 Squires
45:22 Chemistry
44:43 Ballistics
44:38 Masonry
44:33 Siege Engineers
47:30 Conscription
47:46 Hoardings
48:52 Arson
48:28 Pikeman
49:14 Halberdier
50:28 Gambesons
51:38 Elite Samurai
61:01 Scale Mail Armor
61:11 Forging
60:42 Crossbowman
60:57 Elite Skirmisher
62:16 Chain Mail Armor
63:13 Iron Casting
64:40 Plate Mail Armor
64:27 Leather Archer Armor
Connection lost

Rejoining the realm…

Still unreachable

The connection could not be restored.

Session expired

The server has moved on; the page needs a fresh start.